 Dungeon Crawl Stone Soup version 0.31-a0-600-g62dffe198b (webtiles) character file.

Game seed: 741723357976177633

16 Goreval the Changeling (level 2, 0/21 HPs)
             Began as a Merfolk Shapeshifter on Aug 21, 2023.
             Succumbed to a goblin's poison
             ... on level 1 of the Dungeon.
             The game lasted 00:03:11 (470 turns).

Goreval the Changeling (Merfolk Shapeshifter)        Turns: 470, Time: 00:03:12

Health: 0/21       AC:  2    Str: 15    XL:     2   Next: 54%
Magic:  2/2        EV: 13    Int:  7    God:
Gold:   10         SH:  0    Dex: 14    Spells: 1/1 levels left

rFire   . .          .
                       - Unarmed
rCold   . . .        (no shield)
rNeg    . . .        a - +0 animal skin
rPois   .            (helmet currently unavailable)
rElec   .            (cloak currently unavailable)
rCorr   .            (gloves currently unavailable)
SInv    .            (boots currently unavailable)
Will    .....        (no amulet)
Stlth   +            (no ring)
HPRegen 0.23/turn    (no ring)
MPRegen 0.08/turn

%: no passive effects
@: lethally poisoned (0 -> -9), beast-form
A: beast (slay +2), (nimble swimmer 2), mertail
a: Begin Untransformation


You were on level 1 of the Dungeon.
You were a hulking beast.
You visited 1 branch of the dungeon, and saw 1 of its levels.

You collected 10 gold pieces.

Inventory:

Armour
 a - a +0 animal skin (worn)
Talismans
 c - a beast talisman (active)
 d - a flux talisman
Scrolls
 f - a scroll of teleportation {unknown}
Potions
 b - a potion of lignification
 e - 3 potions of curing {unknown}


   Skills:
 + Level 1.4 Fighting
 + Level 3.0 Dodging
 * Level 3.6 Unarmed Combat
 * Level 4.3 Shapeshifting


You had one spell level left.
You didn't know any spells.
Your spell library was empty.

Dungeon Overview and Level Annotations

Branches:
Dungeon (1/15) Zot: 5534

Altars:


Innate Abilities, Weirdness & Mutations

You are a hulking beast.
Your limbs bulge with bestial killing power. (Slay +2)
((You are very nimble when in or above water. (Stealth+, EV+, Speed+++)))
Your lower body shifts to a powerful aquatic tail in water.


Message History

No target in view!
No target in view!
No target in view!
No target in view!
No target in view!
No target in view!
No target in view!
No target in view!
No target in view!
You hit the hobgoblin. The hobgoblin barely misses you.
The ball python bites you. The ball python barely misses you.
You closely miss the hobgoblin. The ball python closely misses you.
The ball python misses you.
You hit the hobgoblin.
You kill the hobgoblin!
The ball python bites you. The ball python grabs you.
The ball python constricts you.
You punch the ball python!
You kill the ball python!
The goblin hits you but does no damage.
You are poisoned.
You barely miss the goblin.
You feel sick. The goblin misses you.
You closely miss the goblin.
You feel sick.
The goblin hits you with a +0 dagger of venom.
You are lethally poisoned!
You hit the goblin but do no damage.
* * * LOW HITPOINT WARNING * * *
You feel very sick. The goblin barely misses you.
You hit the goblin.
* * * LOW HITPOINT WARNING * * *
You feel very sick. The goblin closely misses you.
You closely miss the goblin.
* * * LOW HITPOINT WARNING * * *
You feel sick.
You hit the goblin.
You kill the goblin!
You die...

..##..#..##..######.# .g......#
......#........)....####S......#
#.....###..............#.......#
...#......#............#gS.....#
...##.....##...........#.......#
.......#............####.......#
..##...##...........# #.......#
..###......#...####.#####..###
### #....#.##....h)..........#
#....#.......††..........#
#.>......##..............#
............####.........(#
....###...##..# #........###
##..## #...###.# ########.# #..
#...# .# )# ....# . .# #....# .


There were no monsters in sight!

Vanquished Creatures
  2 bats (D:1)
  An endoplasm (D:1)
  A goblin (D:1)
  2 hobgoblins (D:1)
  3 jackals (D:1)
  A kobold (D:1)
  A quokka (D:1)
  2 ball pythons (D:1)
13 creatures vanquished.

Notes
Turn   | Place    | Note
-------+----------+-------------------------------------------
     0 | D:1      | Goreval the Merfolk Shapeshifter began the quest for the
                  | Orb.
     0 | D:1      | Reached XP level 1. HP: 15/15 MP: 1/1
   246 | D:1      | Reached XP level 2. HP: 21/21 MP: 2/2
   469 | D:1      | HP: 1/21 [poisoned by a goblin]
   470 | D:1      | Succumbed to a goblin's poison

Illustrated notes

Levels and vault maps discovered:
D:1:      kennysheep_arrival_seaside, layout_basic, hangedman_decor_points,
          minmay_distorted

Skill      XL: |  1  2 |
---------------+-------+-----
Dodging        | 3 |  3.0
Fighting       | |  1.4
Unarmed Combat | |  3.6
Shapeshifting  | |  4.3

Action                     || total
---------------------------++-------
  Melee: Unarmed           ||    34
         Punch             ||     1
Ability: Begin Untransform ||     1
 Armour: Animal skin       ||     4
  Dodge: Dodged            ||    18
         Form:             ||     1
         Beast             ||     1
         Flux              ||     1

Table legend: (Time is in decaauts)
 A = Elapsed time spent in this place.
 B = Non-inter-level travel time spent in this place.
 C = Inter-level travel time spent in this place.
 D = Time resting spent in this place.
 E = Time spent auto-exploring this place.
 F = Levels seen in this place.
 G = Mean time per level.
                   A        B        C        D        E       F      G
               +--------+--------+--------+--------+--------+-----+--------+
         Total |    465 |    465 |      0 |      0 |    234 |   1 |  465.0 |
       Dungeon |    465 |    465 |      0 |      0 |    234 |   1 |  465.0 |
               +--------+--------+--------+--------+--------+-----+--------+

Top non-repeatable levels by time:
     D:1: 465 daAuts
